 Dungeon Crawl Stone Soup version 0.27.1-4-g1640c2035a (webtiles) character file.

Game seed: 4202913445855750834

60 tizbic2 the Grasshopper (level 3, -1/18 HPs)
             Began as a Deep Elf Warper on Nov 15, 2021.
             Was a Follower of Hepliaklqana.
             Slain by a phantom (3 damage)
             ... on level 2 of the Dungeon.
             The game lasted 00:17:29 (2644 turns).

tizbic2 the Grasshopper (Deep Elf Warper)           Turns: 2644, Time: 00:17:29

Health: -1/18      AC:  6    Str:  8    XL:     3   Next: 80%
Magic:  10/10      EV: 10    Int: 17    God:    Hepliaklqana [*.....]
Gold:   47         SH:  0    Dex: 15    Spells: 7/9 levels left

rFire    . . .     SeeInvis .   c - +1 dagger (venom)
rCold    . . .     Faith    .   (no shield)
rNeg     . . .     Spirit   .   f - +0 ring mail
rPois    .         Reflect  .   (no helmet)
rElec    .         Harm     .   (no cloak)
rCorr    .         Rampage  .   (no gloves)
Will     .....                  h - +0 pair of boots
Stlth    +.........             (no amulet)
HPRegen  0.06/turn              (no ring)
MPRegen  0.12/turn              (no ring)

@: studying Slings
A: reduced essence
a: Renounce Religion, Recall Ancestor, Ancestor Identity


You were on level 2 of the Dungeon.
You worshipped Hepliaklqana.
Hepliaklqana was aware of your devotion.
You visited 1 branch of the dungeon, and saw 3 of its levels.

You collected 47 gold pieces.

Inventory:

Hand Weapons
 c - a +1 dagger of venom (weapon)
Missiles
 a - 7 poisoned darts
 d - 3 boomerangs of dispersal
 e - 57 arrows
 g - 115 stones (quivered)
Armour
 b - a +0 leather armour
 f - a +0 ring mail (worn)
 h - a +0 pair of boots (worn)
Wands
 i - a wand of charming (9)
 l - a wand of acid (8)
Scrolls
 k - a scroll of immolation
Potions
 m - a potion of ambrosia {unknown}


   Skills:
 + Level 1.9 Fighting
 * Level 2.5 Short Blades
 - Level 1.0 Throwing
 + Level 1.1 Armour
 + Level 2.8 Dodging
 * Level 3.7 Spellcasting
 * Level 3.9 Translocations


You had 7 spell levels left.
You knew the following spells:

 Your Spells              Type           Power      Damage    Failure   Level
a - Blink                 Tloc           N/A        N/A       14%         2

Your spell library contained the following spells:

 Spells                   Type           Power      Damage    Failure   Level
 Apportation              Tloc           32%        N/A       10%         1
 Gell's Gravitas          Tloc           8%         N/A       28%         3
 Lesser Beckoning         Tloc           8%         N/A       28%         3
 Teleport Other           Tloc           16%        N/A       28%         3
 Beastly Appendage        Tmut           6%         N/A       43%         1
 Wereblood                Tmut           3%         N/A       58%         2
 Spider Form              Tmut/Pois      1%         N/A       82%         3
 Manifold Assault         Tloc           16%        N/A       95%         5
 Alistair's Intoxication  Tmut/Pois      2%         N/A       100%        5
 Invisibility             Hex            1%         N/A       100%        6


Dungeon Overview and Level Annotations

Branches:
Dungeon (3/15)

Altars:
Hepliaklqana


Message History

The phantom is moderately damaged.
Duriel hits the phantom.
The phantom hits you but does no damage.
You miss the phantom.
The phantom is moderately damaged.
Duriel misses the phantom.
You hit the phantom.
The phantom is moderately damaged.
The phantom closely misses you.
Duriel completely misses the phantom.
You hit the phantom.
The phantom is moderately damaged.
The phantom hits you!
* * * LOW HITPOINT WARNING * * *
Duriel barely misses the phantom.
A dart slug comes into view.
You see here a +0 club.
You see here a +0 short sword.
Duriel hits the phantom.
The phantom barely misses you.
There is a stone staircase leading down here.
There is a stone staircase leading up here.
The phantom hits you but does no damage.
You climb upwards.
There is a stone staircase leading down here.
The phantom hits you.
* * * LOW HITPOINT WARNING * * *
The phantom blinks!
You blink.
Hit: c) +1 dagger (venom)
Press: ? - help, Dir - move target, f - phantom
Aim: a phantom (moderately damaged, about 44% to evade your +1 dagger of venom)
Okay, then.
Aiming: Charm
Press: ? - help, Shift-Dir - straight line, f - phantom
Aim: a phantom (moderately damaged, chance to affect: 28%)
Okay, then.
Aiming: Corrosive Bolt
Press: ? - help, Shift-Dir - straight line, f - phantom
Aim: a phantom (moderately damaged, 60% to hit)
The bolt of acid misses the phantom.
The phantom hits you.
You die...

.######.############.# .##<###.#
#.# .#...##.# #####.# ##.⌠.##.#
#.....### #...##.# #.###...####
##'.# #.# ####...#.#....##
#.####### #........#.....#
..##...######..............######
⌠....⌠.<#..##...@W...##........#.
..##...###.##.............####.#R
..########.##.#..#.#....#.# #...
.#'.# #.##....#..#.##.###.# ####
.#...##.#######..#....###.#
.#.⌠.##.# #########...# ###
.#...##.# ############.### #..
.##>###.# #............# #.#
..###.#.####.############ #.R


You could see a phantom.

Vanquished Creatures
  An adder (D:2)
  A dart slug (D:2)
  3 endoplasms
  2 giant cockroaches (D:1)
  5 goblins
  A hobgoblin (D:1)
  2 jackals (D:2)
  A quokka (D:1)
  4 ball pythons
  2 bats (D:1)
  2 frilled lizards (D:1)
  2 rats
26 creatures vanquished.

Vanquished Creatures (collateral kills)
  An adder (D:2)
  2 ball pythons
  A bat (D:2)
  A giant cockroach (D:2)
  A jackal (D:2)
  A kobold (D:3)
  A frilled lizard (D:2)
  2 rats
10 creatures vanquished.

Vanquished Creatures (others)
  2 ancestors (D:1)
2 creatures vanquished.

Grand Total: 38 creatures vanquished

Notes
Turn   | Place    | Note
-------+----------+-------------------------------------------
     0 | D:1      | tizbic2 the Deep Elf Warper began the quest for the Orb.
     0 | D:1      | Reached XP level 1. HP: 12/12 MP: 6/6
   229 | D:1      | Reached XP level 2. HP: 13/16 MP: 8/8
  1073 | D:1      | Found a faded altar of an unknown god.
  1076 | D:1      | Became a worshipper of Hepliaklqana the Forgotten
  1076 | D:1      | Reached * piety under Hepliaklqana
  1199 | D:1      | Learned a level 2 spell: Blink
  1407 | D:2      | Reached skill level 1 in Armour
  1480 | D:2      | Reached XP level 3. HP: 12/18 MP: 9/9
  2602 | D:3      | Noticed a phantom
  2644 | D:2      | Slain by a phantom

Illustrated notes

Levels and vault maps discovered:
D:1:      minmay_arrival_shoal_huts, layout_loops_ring,
          chequers_ecumenical_altar_grove, minmay_pentomino_q2
D:2:      layout_basic, grunt_ministairs_4
D:3:      layout_rooms, gup_sewer_entry_bubbles, uniq_natasha

Skill      XL: |  1  2 |
---------------+-------+-----
Armour         | 1 |  1.1
Fighting       | |  1.9
Short Blades   | |  2.5
Throwing       | |  1.0
Dodging        | |  2.8
Spellcasting   | |  3.7
Translocations | |  3.9

Action                   || total
-------------------------++-------
Melee: Short sword       ||   106
       Dagger            ||    11
Throw: Boomerang         ||     2
       Stone             ||    19
Invok: Ancestor Identity ||     1
Evoke: Wand              ||     1
  Use: Scroll            ||     3
       Potion            ||     1
 Stab: Sleeping          ||     1
Armor: Leather armour    ||    14
       Ring mail         ||    32
Dodge: Dodged            ||    55
